 Dungeon Crawl Stone Soup version 0.21.0-25-ge575cb9 (webtiles) character file.

148 RollingDesktops the Skirmisher (level 5, -2/42 HPs)
             Began as a Demonspawn Chaos Knight on Jan 26, 2018.
             Slain by an orc priest
             ... wielding a +0 hand axe
              (7 damage)
             ... on level 3 of the Dungeon.
             The game lasted 00:12:30 (2099 turns).

RollingDesktops the Skirmisher (DsCK)               Turns: 2099, Time: 00:12:31

Health: -2/42      AC:  5    Str: 15    XL:     5   Next: 8%
Magic:  0/5        EV: 11    Int: 14    God:    Xom [......]
Gold:   105        SH:  0    Dex: 12    Spells: 4/4 levels left

rFire    . . .     SeeInvis .   a - +1 falchion (chaos)
rCold    . . .     Gourm    .   (no shield)
rNeg     . . .     Faith    .   b - +2 leather armour
rPois    .         Spirit   +   (helmet restricted)
rElec    .         Reflect  .   (no cloak)
rCorr    +         Harm     .   (no gloves)
MR       .....                  (no boots)
Stlth    ++........             (no amulet)
HPRegen  0.14/turn              f - +2 ring of strength
MPRegen  0.09/turn              m - ring of resist corrosion

@: no status effects
A: antennae 1, nightstalker 1, magic shield
a: Renounce Religion


You were on level 3 of the Dungeon.
You worshipped Xom.
You were a very special plaything of Xom.
You were hungry.

You visited 1 branch of the dungeon, and saw 3 of its levels.
You visited the Abyss 1 time.

You collected 105 gold pieces.

Inventory:

Hand Weapons
 a - a +1 falchion of chaos (weapon)
 e - a +2 dagger of venom
 g - a +2 mace of distortion
 i - a +2 dagger of holy wrath
 j - a +0 short sword of venom
Armour
 b - a +2 leather armour (worn)
 o - a +0 chain mail
Magical Staves
 n - an uncursed staff of energy
Jewellery
 d - an uncursed ring of flight
 f - a +2 ring of strength (left hand)
 m - a ring of resist corrosion (right hand)
Scrolls
 l - 2 scrolls of amnesia
Potions
 k - a potion of flight
Comestibles
 c - 6 rations


   Skills:
 + Level 3.8 Fighting
 + Level 3.5 Long Blades
 * Level 1.2 Maces & Flails
 + Level 2.3 Armour
 + Level 1.5 Dodging
 + Level 1.3 Stealth


You had 4 spell levels left.
You didn't know any spells.

Dungeon Overview and Level Annotations

Branches:
Dungeon (3/15)

Altars:
Fedhas


Innate Abilities, Weirdness & Mutations

You have a pair of small antennae on your head.
You are slightly more attuned to the shadows.
When hurt, damage is shared between your health and your magic reserves.


Message History

* * * LOW HITPOINT WARNING * * *
A shower of butterflies erupts from you!
You hit the orc priest.
You feel a strange surge of energy!
The orc priest is lightly wounded.
The orc priest hits you but does no damage.
The orc priest completely misses your butterfly.
You barely miss the orc priest.
The orc priest is lightly wounded.
The orc priest hits you with a hand axe.
* * * LOW HITPOINT WARNING * * *
You slash the orc priest! You freeze the orc priest.
The orc priest is severely wounded.
The orc priest closely misses you.
You riposte.
You closely miss the orc priest.
The orc priest is severely wounded.
The orc priest misses your butterfly.
You barely miss the orc priest.
The orc priest is severely wounded.
The orc priest hits you with a hand axe!
You die...

.........#....#
..............#
........###.####.#
............# #.#
............# #.#
............# #.#
............# #.#
............# ##b#
............###o@#
...........>##..##
..........o.##).#
...........)#...#
...<.......b.[#.#
....#.######.#b.#
....#.# ###.....#
......#...........
..............####.


You could see an orc priest.

Vanquished Creatures
  5 adders
  2 oozes
  2 worms
  2 dart slugs
  3 leopard geckos
  7 orcs
  6 giant cockroaches
  5 goblins
  9 hobgoblins
  8 jackals
  5 bats
  11 kobolds
  5 rats
70 creatures vanquished.

Notes
Turn   | Place    | Note
-------+----------+-------------------------------------------
     0 | D:1      | RollingDesktops the Demonspawn Chaos Knight began the quest for the Orb.
     0 | D:1      | Reached XP level 1. HP: 18/18 MP: 1/1
   281 | D:1      | Gained mutation: You are slightly more attuned to the shadows. [demonic ancestry]
   281 | D:1      | Reached XP level 2. HP: 24/24 MP: 2/2
   495 | D:1      | Reached skill level 1 in Dodging
   762 | D:1      | Reached XP level 3. HP: 24/29 MP: 3/3
   846 | D:2      | Cast into level 1 of the Abyss (a distortion unwield)
   848 | Abyss:1  | Noticed a blink frog
   850 | Abyss:1  | Noticed a blink frog
   850 | D:2      | Escaped the Abyss
  1122 | D:2      | Gained mutation: You have a pair of small antennae on your head. [demonic ancestry]
  1122 | D:2      | Reached XP level 4. HP: 24/37 MP: 4/4
  1481 | D:2      | Reached skill level 1 in Maces & Flails
  1481 | D:2      | Reached skill level 1 in Stealth
  1509 | D:2      | XOM: smoke on damage
  1511 | D:2      | XOM: smoke on damage
  1941 | D:3      | Found a blossoming altar of Fedhas.
  2048 | D:3      | Gained mutation: When hurt, damage is shared between your health and your magic reserves. [demonic ancestry]
  2048 | D:3      | Reached XP level 5. HP: 32/42 MP: 5/5
  2070 | D:3      | XOM: silly message
  2076 | D:3      | HP: 1/42 [orc/falchion (4)]
  2087 | D:3      | XOM: noise
  2095 | D:3      | XOM: butterfly on damage
  2099 | D:3      | Slain by an orc priest

Skill      XL: |  1  2  3  4 |
---------------+-------------+-----
Armour         | 2 |  2.3
Long Blades    | 3 |  3.5
Dodging        | 1 |  1.5
Maces & Flails | 1 |  1.2
Stealth        | 1 |  1.3
Fighting       | |  3.8

Action                   |  1- 3 |  4- 6 || total
-------------------------+-------+-------++-------
Melee: Falchion          |    70 |    75 ||   145
       Mace              |    29 |       ||    29
  Use: Scroll            |     1 |     3 ||     4
       Potion            |       |     4 ||     4
 Stab: Sleeping          |     3 |     1 ||     4
       Petrified         |     6 |       ||     6
  Eat: Ration            |       |     1 ||     1
Armor: Leather armour    |    48 |    31 ||    79
Dodge: Dodged            |    82 |    81 ||   163
       Rpst.: Falchion   |    14 |    33 ||    47
